 Dungeon Crawl Stone Soup version 0.23.0-3-gf3c87f2 (webtiles) character file.

Game seed: 5294310360995657943

71 MalarOregon the Poker (level 4, 0/35 HPs)
             Began as a Merfolk Gladiator on Feb 23, 2019.
             Slain by an adder (3 damage)
             ... on level 1 of the Dungeon.
             The game lasted 00:02:22 (1269 turns).

MalarOregon the Poker (Merfolk Gladiator)           Turns: 1269, Time: 00:02:22

Health: 0/35       AC:  4    Str: 14    XL:     4   Next: 24%
Magic:  4/4        EV: 14    Int:  8    God:
Gold:   101        SH:  0    Dex: 15    Spells: 3/3 levels left

rFire    . . .     SeeInvis .   a - +0 trident
rCold    . . .     Gourm    .   (no shield)
rNeg     . . .     Faith    .   b - +0 leather armour
rPois    .         Spirit   .   c - +0 helmet
rElec    .         Reflect  .   (no cloak)
rCorr    .         Harm     .   (no gloves)
MR       .....                  (no boots)
Stlth    +.........             (no amulet)
HPRegen  0.11/turn              (no ring)
MPRegen  0.09/turn              (no ring)

@: lethally poisoned (0 -> -9), hasted, very quick
A: change form in water, swift swim, stealthy swim
a: no special abilities


You were on level 1 of the Dungeon.
You were not hungry.

You visited 1 branch of the dungeon, and saw 2 of its levels.

You collected 101 gold pieces.

Inventory:

Hand Weapons
 a - a +0 trident (weapon)
Missiles
 d - 3 throwing nets (quivered) {!f}
Armour
 b - a +0 leather armour (worn)
 c - a +0 helmet (worn)
Jewellery
 n - a cursed ring of attention {unknown}
   (You found it on level 2 of the Dungeon)
Scrolls
 g - a scroll of teleportation {@r4}
Potions
 f - a potion of curing {unknown}
 i - a potion of haste {@q3}
 k - a potion of berserk rage {unknown}
 l - a potion of agility {unknown}
Comestibles
 e - 5 rations {!d}
 h - a chunk of flesh


   Skills:
 + Level 3.0 Fighting
 + Level 5.2 Polearms
 - Level 2.0 Throwing
 + Level 1.1 Armour
 + Level 4.8 Dodging


You had 3 spell levels left.
You didn't know any spells.
Your spell library was empty.

Dungeon Overview and Level Annotations

Branches:
Dungeon (2/15)

Altars:

Annotations:
D:2 Robin


Message History

You barely miss the goblin. The adder bites you. The goblin misses you.
You closely miss the goblin. The adder bites you.
You are poisoned.
The adder poisons you!
Robin roars a battlecry!
The goblins go into a battle-frenzy!
The goblin barely misses you.
You closely miss the goblin.
You feel sick. The adder barely misses you. Robin misses you.
The goblin hits you. The adder misses you.
You barely miss the goblin. The adder closely misses you.
The goblin hits you but does no damage.
Robin hits you from afar with a +0 trident.
* * * LOW HITPOINT WARNING * * *
Okay, then.
Okay, then.
You feel sick. The goblin completely misses you.
You hear a zap.
You hear a grinding noise.
Items here: ))) †† a +0 dagger x2; a +0 club; a goblin corpse x2
Unknown command.
The adder misses you.
Unknown command.
You feel sick. The goblin misses you. The adder misses you.
You feel sick.
There is an escape hatch in the ceiling here.
Really go through this one-way escape hatch?
The adder misses you. A mysterious force pulls you upwards.
The hatch slams shut behind you.
You hit the adder but do no damage. The adder misses you.
The adder closely misses you.
You barely miss the adder.
You feel sick. The adder bites you.
* * * LOW HITPOINT WARNING * * *
You are more poisoned.
The adder poisons you!
You closely miss the adder. The adder closely misses you.
You hit the adder but do no damage.
You feel sick. The adder bites you.
* * * LOW HITPOINT WARNING * * *
The adder bites you but does no damage.
You miss the adder. The adder misses you.
You closely miss the adder.
You feel sick. The adder bites you.
* * * LOW HITPOINT WARNING * * *
You are lethally poisoned!
The adder poisons you!
It was a potion of haste.
You feel yourself speed up. The adder bites you but does no damage.
The adder barely misses you.
You barely miss the adder.
* * * LOW HITPOINT WARNING * * *
You feel sick. The adder bites you.
You die...

..##......###...###
♣..♣♣
...+...........##
♣♣..♣♣
####......####..#
♣♣..♣ # #......#
##.## ♣.♣♣♣ #
#......# #..#
♣..♣♣♣♣ # #....(##
##.# ♣♣..♣.♣
#######)## #.#
♣...♣♣ #....((..#
#.## ♣♣.<..♣
'....(...# #@S#
♣....♣♣ #....†...#
##.# ♣♣..♣♣
#........# #.#
♣>..♣♣ #........#
#.# ♣♣♣..♣
#........# #.#
♣.♣.♣ #........#
#.# ♣.♣♣♣
#........### #.#
♣♣..♣ #..........#
#.# ♣.♣.♣
#####......#
#.########'######


You could see an adder.

Vanquished Creatures
  3 adders (D:2)
  A dart slug (D:2)
  2 leopard geckos
  10 goblins
  6 hobgoblins
  A quokka (D:2)
  4 bats
  A frilled lizard (D:2)
  8 kobolds
  3 rats (D:1)
39 creatures vanquished.

Notes
Turn   | Place    | Note
-------+----------+-------------------------------------------
     0 | D:1      | MalarOregon the Merfolk Gladiator began the quest for the
                  | Orb.
     0 | D:1      | Reached XP level 1. HP: 16/16 MP: 1/1
   225 | D:1      | Reached XP level 2. HP: 23/23 MP: 2/2
   504 | D:2      | Reached XP level 3. HP: 25/28 MP: 3/3
   698 | D:2      | Reached skill level 5 in Polearms
   993 | D:2      | Reached skill level 1 in Armour
  1203 | D:2      | Reached XP level 4. HP: 35/35 MP: 4/4
  1222 | D:2      | Noticed Robin
  1269 | D:1      | Slain by an adder

Skill      XL: |  1  2  3 |
---------------+----------+-----
Polearms       | 5 |  5.2
Armour         | 1 |  1.1
Fighting       | 3 |  3.0
Throwing       | |  2.0
Dodging        | |  4.8

Action                   |  1- 3 |  4- 6 || total
-------------------------+-------+-------++-------
Melee: Trident           |   128 |    36 ||   164
  Use: Scroll            |     5 |       ||     5
       Potion            |       |     1 ||     1
 Stab: Sleeping          |     1 |       ||     1
  Eat: Chunk             |     1 |       ||     1
Armor: Leather armour    |    23 |    10 ||    33
Dodge: Dodged            |   108 |    37 ||   145
